 Dungeon Crawl Stone Soup version 0.31-a0-618-g7ca08c1ff9 (webtiles) character file.

Game seed: 17861458864092087790

203 Twinkles the Chopper (level 5, 47/47 HPs)
             Began as a Minotaur Berserker on Aug 22, 2023.
             Was a Believer of Trog.
             Got out of the dungeon alive.
             The game lasted 00:02:56 (2255 turns).

Twinkles the Chopper (Minotaur Berserker)           Turns: 2255, Time: 00:02:56

Health: 47/47      AC:  5    Str: 23    XL:     5   Next: 51%
Magic:  4/4        EV: 11    Int:  4    God:    Trog [**....]
Gold:   183        SH:  0    Dex: 10    Spells: 4/4 levels left

rFire   . . .        a - +0 hand axe
rCold   . . .        (no shield)
rNeg    . . .        l - +0 ring mail
rPois   .            (helmet restricted)
rElec   .            (no cloak)
rCorr   .            (no gloves)
SInv    .            (no boots)
Will    .....        (no amulet) Stlth
                     (no ring)
HPRegen 0.27/turn    (no ring)
MPRegen 0.09/turn

%: no passive effects
@: no status effects
A: horns 2, retaliatory headbutt
a: Renounce Religion, Berserk, Trog's Hand


You escaped.
You worshipped Trog.
Trog was pleased with you.
You visited 1 branch of the dungeon, and saw 3 of its levels.

You collected 183 gold pieces.

Inventory:

Hand Weapons
 a - a +0 hand axe (weapon)
Armour
 b - a +0 animal skin
 l - a +0 ring mail (worn)
Scrolls
 c - 3 scrolls of identify {unknown}
 d - a scroll of silence {unknown}
 i - a scroll of brand weapon {unknown}
 j - 2 scrolls of noise {unknown}
 k - a scroll of amnesia {unknown}
 m - a scroll of enchant armour {unknown}
Potions
 e - a potion of curing {unknown}
 f - a potion of heal wounds {unknown}
 g - a potion of lignification {unknown}
 h - a potion of haste {unknown}


   Skills:
 + Level 4.8 Fighting
 + Level 4.9 Axes
 + Level 4.1 Armour
 + Level 3.6 Dodging


You had 4 spell levels left.
You didn't know any spells.
Your spell library was empty.

Dungeon Overview and Level Annotations

Branches:
Dungeon (3/15) Zot: 15728

Altars:
Xom

Shops:
D:2 [


Innate Abilities, Weirdness & Mutations

You have a pair of horns on your head.
You reflexively headbutt those who attack you in melee.


Message History

You kill the orc!
Trog accepts your kill.
You barely miss the orc. The orc hits you with a +0 falchion.
An orc comes into view. It is wielding a +0 flail.
You are too injured to fight recklessly!
You are too injured to fight recklessly!
You are too injured to fight recklessly!
You are too injured to fight recklessly!
You are too injured to fight recklessly!
You are too injured to fight recklessly!
You are too injured to fight recklessly!
You are too injured to fight recklessly!
The orc barely misses you.
The orc throws a boomerang.
The boomerang barely misses you.
Things that are here:
a +0 mace; an orc corpse You barely miss the orc.
The orc misses you.
You hit the orc.
The orc is lightly wounded.
You slash the orc!
You kill the orc!
Trog accepts your kill. The orc barely misses you. You furiously retaliate!
You headbutt the orc!
You kill the orc!
Trog accepts your kill.
Things that are here:
a +0 falchion; a +0 scale mail; an orc corpse
Things that are here:
a +0 mace; an orc corpse
Items here: ( ) [ †.
Found a club.
There is a stone staircase leading up here.
You climb upwards.
There is a stone staircase leading down here.
There is an entrance to Otudez's Antique Armour Emporium here.
There is an escape hatch in the ceiling here.
A mysterious force pulls you upwards. The hatch slams shut behind you.
HP restored.
There is a staircase leading out of the dungeon here.
You have escaped!

#######...# #.##.##...#
..........###.##.###.##
.#............##.# #.#
##.#############.# #.#
##.# #.# #.# ...# #.# #.#
#### ###.# #.# ..##
#######...# #.#
##.#####....##..@# #>#
##...####..##...# #.#
#.#..##>...##>.# #.####
##.#..###...###.# #....#
##.##...##....#..# ####.#
..####..###...##.######.#
.## ##...##....#........#
.# #....###...#..#######
.# #.....###..##.#


There were no monsters in sight!

Vanquished Creatures
  An orc priest (D:3)
  Natasha (thrice) (D:2)
  4 adders
  An ufetubus (D:3)
  2 dart slugs
  3 orcs (D:3)
  2 endoplasms
  4 giant cockroaches
  3 goblins
  6 hobgoblins
  2 quokkas
  6 ball pythons
  6 bats
  4 frilled lizards
  7 kobolds
  5 rats
59 creatures vanquished.

Notes
Turn   | Place    | Note
-------+----------+-------------------------------------------
     0 | D:1      | Twinkles the Minotaur Berserker began the quest for the
                  | Orb.
     0 | D:1      | Reached XP level 1. HP: 19/19 MP: 0/0
    56 | D:1      | Found a faded altar of an unknown god.
   107 | D:1      | Reached XP level 2. HP: 27/27 MP: 1/1
   639 | D:2      | Found Otudez's Antique Armour Emporium.
   642 | D:2      | Reached XP level 3. HP: 31/33 MP: 2/2
   746 | D:2      | Noticed Natasha
   756 | D:2      | Killed Natasha
   776 | D:2      | Reached ** piety under Trog
   777 | D:2      | Reached XP level 4. HP: 33/40 MP: 3/3
  1189 | D:2      | Noticed Natasha
  1200 | D:2      | HP: 12/41 [Natasha (8)]
  1201 | D:2      | Killed Natasha
  1338 | D:2      | Noticed Natasha
  1349 | D:2      | Killed Natasha
  1350 | D:2      | Reached XP level 5. HP: 17/47 MP: 4/4
  2111 | D:3      | Found a shimmering altar of Xom.
  2255 | D:$      | Got out of the dungeon alive.

Illustrated notes

Levels and vault maps discovered:
D:1:      dpeg_arrival_long_road, layout_loops_ring,
          hellmonk_ecumenical_altar_crossroads
D:2:      minmay_chambers_of_ones, layout_basic, serial_shops,
          nicolae_shop_statue_plus, uniq_natasha
D:3:      layout_loops_ring, mainiacjoe_overflow_chevrons,
          mainiacjoe_overflow_surrounded_room, nemelex_dance_club_becter,
          minmay_starry_boxes

Skill      XL: |  1  2  3  4  5 |
---------------+----------------+-----
Fighting       | 4 |  4.8
Axes           | 4 |  4.9
Armour         | 3 4 |  4.1
Dodging        | 3 |  3.6

Action                     |  1- 3 |  4- 6 || total
---------------------------+-------+-------++-------
  Melee: Hand axe          |    48 |    81 ||   129
         Headbutt          |     7 |    13 ||    20
 Armour: Animal skin       |     6 |     3 ||     9
         Ring mail         |       |    21 ||    21
  Dodge: Dodged            |    34 |    61 ||    95

Table legend: (Time is in decaauts)
 A = Elapsed time spent in this place.
 B = Non-inter-level travel time spent in this place.
 C = Inter-level travel time spent in this place.
 D = Time resting spent in this place.
 E = Time spent auto-exploring this place.
 F = Levels seen in this place.
 G = Mean time per level.
                   A        B        C        D        E       F      G
               +--------+--------+--------+--------+--------+-----+--------+
         Total |   2271 |   2109 |    162 |      0 |   1760 |   3 |  757.0 |
       Dungeon |   2271 |   2109 |    162 |      0 |   1760 |   3 |  757.0 |
               +--------+--------+--------+--------+--------+-----+--------+

Top non-repeatable levels by time:
     D:2: 1178 daAuts
     D:1: 653 daAuts
     D:3: 439 daAuts
